 Dungeon Crawl Stone Soup version 0.19.1 (webtiles) character file.

72673 ImaNewbie the Fencer (level 15, -2/116 HPs)
             Began as a Minotaur Gladiator on Dec 17, 2016.
             Was the Champion of Hepliaklqana.
             Slain by an entropy weaver (8 damage)
             ... on level 2 of the Lair of Beasts.
             The game lasted 01:31:50 (28920 turns).

ImaNewbie the Fencer (Minotaur Gladiator)          Turns: 28920, Time: 01:31:51

Health: -2/116     AC: 16    Str: 24    XL:     15   Next: 1%
Magic:  21/21      EV:  7    Int:  8    God:    Hepliaklqana [******]
Gold:   417        SH:  0    Dex: 13    Spells: 0 memorised, 14 levels left

rFire  + . .     SeeInvis .     o - +0 triple sword (protect)
rCold  . . .     Gourm    +     Q - +1 plate armour of Ecwagyog {*Drain rElec rF+ Int+3}
rNeg   . . .     Faith    .     (shield currently unavailable)
rPois  +         Spirit   .     c - +0 hat
rElec  +         Reflect  .     t - +0 cloak
rCorr  .         Harm     .     j - +0 pair of gloves
MR     +....     Clarity  +     M - +0 pair of boots
Stlth  ..........               T - amulet of the gourmand
                                W - ring of poison resistance
                                z - +5 ring of protection

@: about to teleport, corroded, protection aura, held
A: retaliatory headbutt, reduced essence, horns 2, blink, clarity
a: Blink, Recall Ancestor, Ancestor Identity, Transference, Idealise, Renounce
Religion


You were on level 2 of the Lair of Beasts.
You worshipped Hepliaklqana.
Hepliaklqana was exalted by your worship.
You were very full.

You visited 5 branches of the dungeon, and saw 22 of its levels.
You also visited: Sewer.

You collected 2067 gold pieces.
You spent 1650 gold pieces at shops.

Inventory:

Hand Weapons
 b - a +0 blowgun
 o - a +0 triple sword of protection (weapon)
 X - a +1 dagger of electrocution
Missiles
 d - 5 throwing nets (quivered)
 A - 135 poisoned needles
 O - 7 curare-tipped needles
Armour
 c - a +0 hat (worn)
 j - a +0 pair of gloves (worn)
 t - a +0 cloak (worn)
 J - a +0 plate armour of fire resistance
 M - a +0 pair of boots (worn)
 Q - the +1 plate armour of Ecwagyog (worn) {*Drain rElec rF+ Int+3}
   (You bought it in a shop on level 2 of the Orcish Mines)

   It affects your intelligence (+3).
   It protects you from fire.
   It insulates you from electricity.
   It causes draining when unequipped.
 V - a +2 plate armour of magic resistance
Jewellery
 k - an uncursed ring of resist corrosion
 z - a +5 ring of protection (left hand)
 E - an uncursed amulet of guardian spirit
 T - an amulet of the gourmand (around neck)
 W - a ring of poison resistance (right hand)
 Z - an uncursed amulet of magic regeneration {unknown}
Wands
 C - a wand of confusion (34/48)
 R - a wand of teleportation (2/9)
 S - a wand of acid (8/15)
 Y - a wand of lightning (12/15)
Scrolls
 e - 9 scrolls of remove curse
 q - 3 scrolls of enchant armour
 r - a scroll of identify
 u - 8 scrolls of recharging
 v - 4 scrolls of fog
 y - 6 scrolls of teleportation
 B - 4 scrolls of blinking
 I - a scroll of torment
 L - 2 scrolls of magic mapping
 P - a scroll of enchant weapon
 U - a scroll of summoning
Potions
 f - 8 potions of curing
 g - a potion of cure mutation
 h - a potion of heal wounds
 n - 3 potions of haste
 p - 4 potions of flight
 w - 3 potions of agility
 D - 2 potions of might
 F - a potion of lignification
 G - a potion of cancellation
 H - 2 potions of ambrosia
Miscellaneous
 N - a phial of floods
Comestibles
 i - 10 fruits
 l - 17 bread rations
 m - 9 meat rations
 s - 20 beef jerkies
 x - 6 slices of pizza
 K - a royal jelly


   Skills:
 - Level 11.0 Fighting
 + Level 18.5 Long Blades
 - Level 2.0 Throwing
 - Level 11.6 Armour
 - Level 11.3 Dodging
 - Level 9.0 Invocations
 - Level 10.0 Evocations


You had 14 spell levels left.
You didn't know any spells.

Dungeon Overview and Level Annotations

Branches:
Dungeon (12/15)            Temple (1/1) D:5            Lair (6/6) D:8
 Shoals (0/4) Lair:4       Spider (1/4) Lair:2        Slime (0/5) Lair:5
    Orc (2/2) D:10            Elf (0/3) Orc:2

Altars:
Ashenzari
Cheibriados
Dithmenos
Elyvilon
Fedhas
Gozag
Hepliaklqana
Makhleb
Nemelex Xobeh
Okawaru
Qazlal
Ru
Sif Muna
Trog
Vehumet
Xom
Yredelemnul
Zin
The Shining One
Beogh
Jiyva

Shops:
D:4 (   D:9 [   Orc:1 *:   Orc:2 [}*=(

Annotations:
D:7 exclusions: downstairs and ice statue
Lair:5 1 runed door


Innate Abilities, Weirdness & Mutations

You reflexively headbutt those who attack you in melee.
You have a pair of horns on your head.
Your life essence is reduced. (-10% HP)
You can translocate small distances at will.
You possess an exceptional clarity of mind.


Message History

The entropy weaver is heavily wounded.
The redback closely misses you. You furiously retaliate!
You headbutt the redback.
The jumping spider pounces on you but does no damage.
The jumping spider bites you but does no damage.
The entropy weaver hits you but does no damage.
The entropy weaver hits you.
* * * LOW HITPOINT WARNING * * *
The entropy weaver barely misses you. x2; The redback closely misses you.
Okay, then.
Evoke which item? (* to show all) (? for menu, Esc to quit)
Zapping:
R - a wand of teleportation (3/9)
Press: ? - help, Shift-Dir - straight line, f - you You feel strangely unstable.
This wand has 2 charges left.
The jumping spider pounces on you.
* * * LOW HITPOINT WARNING * * *
You are caught in a web!
The jumping spider bites you.
* * * LOW HITPOINT WARNING * * *
The entropy weaver hits you!
You die...

#P..###...................# ##
##...........+.@s.........# #
#............#.sa.........######
##..............................
#............#....>......(##....
##............###.#.............
#.........................#.....
##........................#.....
#..........................P..P
#.........#######.............)
##.......#.# #..##P.######..
#.......#### ##..##### #...
#.......# #....# ##.. ##......#
#...## #.. #.......## ##...# #..
##......P# #..## #.. #......P#
#...# #..


You could see an entropy weaver, a jumping spider and a redback.

Vanquished Creatures
  2 orc warlords
  Snorg (D:11)
  A fire dragon (Lair:6)
  The ghost of dricus the Severer, a journeyman HOBe of Trog (Lair:1)
  Harold (Lair:1)
  4 hydras
  A catoblepas (Lair:6)
  The ghost of toffzen the Thaumaturge, a journeyman GrEE of Vehumet (D:8)
  The ghost of TheForgottenOwl the Fencer, a novice MiFi of Okawaru (D:9)
  An orc high priest (Orc:2)
  Nergalle (Lair:2)
  Sonja (Lair:1)
  An unseen horror (D:10)
  4 lindwurms (Lair:6)
  4 orc knights
  A necromancer (D:11)
  4 orc sorcerers
  A cyclops (Orc:2)
  An ugly thing (D:11)
  3 wolf spiders
  5 black mambas
  3 elephants
  A siren (Lair:4)
  5 torpor snails (Lair:6)
  13 spiny frogs
  A gargoyle (D:10)
  A demonic crawler (Lair:2)
  A centaur skeleton (D:10)
  5 komodo dragons
  10 rime drakes
  7 polar bears (Lair:6)
  2 jumping spiders
  A tyrant leech (Lair:6)
  2 trolls
  2 merfolk (Lair:4)
  6 hornets (Lair:6)
  A two-headed ogre (Orc:1)
  15 blink frogs
  7 dream sheep (Lair:4)
  4 raiju (Lair:6)
  4 hippogriffs
  3 redbacks (Spider:1)
  A shadow (D:11)
  A spriggan (D:7)
  22 yaks
  2 tarantellas (Spider:1)
  A hungry ghost (D:9)
  A basilisk (Lair:5)
  2 wyverns
  11 wargs
  3 hell hounds (Lair:6)
  9 water moccasins
  3 porcupines
  2 sky beasts
  Purgy (Sewer)
  28 orc warriors
  13 black bears
  2 phantoms
  10 ogres
  13 wolves
  5 centaurs
  13 crocodiles
  3 big kobolds
  13 bullfrogs
  A wyvern skeleton (D:9)
  7 scorpions
  8 killer bees
  7 wights
  A hexer (D:10)
  2 crimson imps
  2 bullfrog zombies
  2 jellies
  12 orc priests
  16 hounds
  A gnoll shaman (D:4)
  A bullfrog skeleton (D:4)
  14 orc wizards
  An iron imp (D:9)
  3 iguanas
  A polar bear simulacrum (D:11)
  10 worker ants
  3 wolf simulacra (D:11)
  12 adders
  3 gnolls
  6 shadow imps
  A worm (D:5)
  An adder skeleton (D:5)
  2 dart slugs (D:1)
  7 leopard geckos
  77 orcs
  3 giant cockroaches
  4 goblins
  8 hobgoblins
  A jackal (D:8)
  4 quokkas
  5 bats
  6 frilled lizards
  A goblin skeleton (D:6)
  2 goblin zombies (D:6)
  2 hobgoblin zombies (D:6)
  A jackal zombie (D:8)
  18 kobolds
  3 kobold skeletons (D:6)
  A leopard gecko skeleton (D:4)
  A leopard gecko zombie (D:5)
  A quokka skeleton (D:6)
  11 rats
  6 river rat simulacra (D:11)
  4 fungi (Orc:2)
  3 plants
579 creatures vanquished.

Vanquished Creatures (collateral kills)
  A hydra (Lair:3)
  A lindwurm (Lair:6)
  An orc sorcerer (Orc:1)
  2 orc knights
  Psyche (D:8)
  3 elephants
  Joseph (D:8)
  A siren (Lair:4)
  A torpor snail (Lair:6)
  A gargoyle (D:10)
  A spiny frog (Lair:6)
  A rime drake (Lair:4)
  A polar bear (Lair:6)
  2 jumping spiders (Spider:1)
  2 hornets (Lair:6)
  3 tyrant leeches (Lair:6)
  A raiju (Lair:6)
  A blink frog (Lair:5)
  A redback (Spider:1)
  A basilisk (Lair:3)
  A yak (D:11)
  A warg (Lair:6)
  2 water moccasins
  A necrophage (D:10)
  8 orc warriors
  2 black bears (Lair:6)
  4 ogres
  3 wolves (Lair:6)
  A centaur (D:7)
  4 crocodiles
  A big kobold (D:9)
  2 bullfrogs
  2 killer bees (D:11)
  2 wights
  A howler monkey (D:10)
  3 hounds (Lair:6)
  An orc priest (Orc:1)
  An iguana (D:10)
  5 orc wizards
  A yak simulacrum (D:11)
  An adder (D:8)
  12 orcs
  A jackal (D:8)
  A kobold (D:9)
  A kobold skeleton (D:6)
  An orc zombie (D:6)
  A fungus (Orc:2)
  2 plants (Lair:6)
93 creatures vanquished.

Vanquished Creatures (others)
  8 hexers
  An ancestor (D:6)
  7 fungi
  25 plants
41 creatures vanquished.

Grand Total: 713 creatures vanquished

Notes
Turn   | Place    | Note
-------+----------+-------------------------------------------
     0 | D:1      | ImaNewbie the Minotaur Gladiator began the quest for the Orb.
     0 | D:1      | Reached XP level 1. HP: 18/18 MP: 0/0
    53 | D:1      | Reached skill level 4 in Long Blades
    63 | D:1      | Reached XP level 2. HP: 5/25 MP: 1/1
   715 | D:1      | Reached skill level 5 in Long Blades
  1280 | D:2      | Reached XP level 3. HP: 30/30 MP: 2/2
  1913 | D:2      | Found a basalt altar of Yredelemnul.
  2003 | D:2      | Found a white marble altar of Elyvilon.
  2286 | D:2      | Reached skill level 6 in Long Blades
  2286 | D:2      | Reached XP level 4. HP: 27/37 MP: 3/3
  3125 | D:3      | Found a burning altar of Makhleb.
  3275 | D:4      | Reached skill level 7 in Long Blades
  3275 | D:4      | Reached XP level 5. HP: 38/42 MP: 4/4
  3502 | D:4      | Found Ytuil's Weapon Emporium.
  3511 | D:4      | Bought a +0 scimitar for 48 gold pieces
  3582 | D:4      | Reached skill level 8 in Long Blades
  3592 | D:4      | Reached XP level 6. HP: 28/50 MP: 5/5
  4059 | D:4      | Found a bloodstained altar of Trog.
  4061 | D:4      | Found a sacrificial altar of Ru.
  4183 | D:4      | Reached skill level 9 in Long Blades
  4661 | D:5      | Entered Level 5 of the Dungeon
  4798 | D:5      | Reached XP level 7. HP: 51/57 MP: 6/6
  4846 | D:5      | Found a staircase to the Ecumenical Temple.
  4859 | Temple   | Entered the Ecumenical Temple
  4910 | Temple   | Became a worshipper of Hepliaklqana the Forgotten
  5187 | D:5      | Found a glowing drain.
  5192 | Sewer    | Entered a sewer
  5268 | Sewer    | Noticed Purgy
  5274 | Sewer    | Killed Purgy
  5274 | Sewer    | Reached skill level 10 in Long Blades
  5304 | Sewer    | Reached skill level 5 in Fighting
  5805 | D:6      | Found a glowing golden altar of the Shining One.
  5814 | D:6      | Reached XP level 8. HP: 63/63 MP: 7/7
  5817 | D:6      | Reached * piety under Hepliaklqana
  6645 | D:6      | Reached skill level 11 in Long Blades
  6802 | D:7      | Noticed an ice statue
  6864 | D:7      | Found a blossoming altar of Fedhas.
  7313 | D:7      | Reached ** piety under Hepliaklqana
  7314 | D:7      | Remembered your ancestor Agathoclea as a hexer
  7516 | D:8      | Noticed Joseph
  7681 | D:7      | Reached XP level 9. HP: 65/73 MP: 6/8
  7759 | D:8      | Killed Joseph
  7759 | D:8      | Reached skill level 12 in Long Blades
  7934 | D:8      | Noticed Psyche
  7955 | D:8      | Killed Psyche
  7955 | D:8      | Reached skill level 13 in Long Blades
  8046 | D:8      | Noticed toffzen's ghost (journeyman GrEE)
  8196 | D:8      | Killed toffzen's ghost
  8196 | D:8      | Reached skill level 14 in Long Blades
  8533 | D:8      | Found a glowing silver altar of Zin.
  8985 | D:8      | Found a staircase to the Lair.
  8986 | D:8      | Noticed a komodo dragon
  9231 | D:9      | Found a bloodstained altar of Trog.
  9271 | D:9      | Found Fazib's Antique Armour Shop.
  9349 | D:9      | Noticed a troll
  9360 | D:9      | Killed a troll
  9360 | D:9      | Reached XP level 10. HP: 59/81 MP: 5/9
  9381 | D:9      | Noticed TheForgottenOwl's ghost (novice MiFi)
  9429 | D:9      | Killed TheForgottenOwl's ghost
  9429 | D:9      | Reached skill level 15 in Long Blades
  9590 | D:9      | Found a stormy altar of Qazlal.
  9603 | D:9      | Reached skill level 1 in Armour
  9612 | D:9      | Found a snail-covered altar of Cheibriados.
  9830 | D:9      | Found a shadowy altar of Dithmenos.
  9865 | D:9      | Found a radiant altar of Vehumet.
  9947 | D:9      | Found a sparkling altar of Nemelex Xobeh.
  9964 | D:10     | Entered Level 10 of the Dungeon
 10442 | D:9      | Gained mutation: You can translocate small distances at will. [potion of mutation]
 10442 | D:9      | Gained mutation: You possess an exceptional clarity of mind. [potion of mutation]
 10449 | D:9      | Reached skill level 5 in Dodging
 10564 | D:10     | Noticed an orc knight
 10589 | D:9      | You fall through a shaft for 3 floors!
 10703 | D:11     | Reached skill level 5 in Armour
 10770 | D:10     | Reached *** piety under Hepliaklqana
 10770 | D:10     | Noticed a gargoyle
 10778 | D:10     | Killed a gargoyle
 11201 | D:10     | Killed an unseen horror
 11334 | D:10     | Reached XP level 11. HP: 80/85 MP: 7/10
 11566 | D:10     | Found a roughly hewn altar of Beogh.
 11566 | D:10     | Found a staircase to the Orcish Mines.
 11617 | D:10     | Killed an orc knight
 12327 | D:11     | Reached skill level 1 in Invocations
 12559 | D:11     | Noticed a white ugly thing
 12595 | D:11     | Killed a white ugly thing
 12893 | D:11     | Noticed Snorg
 12905 | D:11     | Killed Snorg
 13331 | D:11     | Noticed a necromancer
 13353 | D:11     | Killed a necromancer
 13792 | Lair:1   | Entered Level 1 of the Lair of Beasts
 13792 | Lair:1   | Noticed dricus's ghost (journeyman HOBe)
 13841 | Orc:1    | Entered Level 1 of the Orcish Mines
 14000 | Orc:1    | Reached **** piety under Hepliaklqana
 14003 | Orc:1    | Found Boosmy's Book Emporium.
 14079 | Orc:1    | Noticed an orc sorcerer
 14088 | Orc:1    | Killed an orc sorcerer
 14475 | Orc:2    | Entered Level 2 of the Orcish Mines
 14475 | Orc:2    | Found Zutoph's Jewellery Shoppe.
 14475 | Orc:2    | Noticed an orc warlord
 14475 | Orc:2    | Noticed an orc knight
 14475 | Orc:2    | Noticed an orc knight
 14475 | Orc:2    | Noticed an orc knight
 14559 | Orc:1    | Killed an orc knight
 14822 | Orc:2    | Noticed an orc high priest
 14824 | Orc:2    | Noticed a sun demon
 15303 | Orc:1    | Killed an orc warlord
 15303 | Orc:1    | Reached skill level 10 in Armour
 15303 | Orc:1    | Reached skill level 10 in Dodging
 15303 | Orc:1    | Reached XP level 12. HP: 68/93 MP: 14/14
 15866 | Orc:1    | Noticed an orc warlord
 16200 | D:10     | Killed an orc warlord
 16480 | Orc:1    | Reached skill level 10 in Fighting
 16619 | Orc:2    | Killed an orc high priest
 16797 | Orc:2    | Found Goufet's Antique Weapon Emporium.
 16822 | Orc:2    | Found a staircase to the Elven Halls.
 16843 | Orc:2    | Bought a +5 ring of protection for 715 gold pieces
 16960 | Orc:2    | Found a shimmering altar of Xom.
 17353 | Orc:2    | Found Tatec's General Store.
 17365 | Orc:2    | Found Xotac's Gadget Boutique.
 17422 | Orc:2    | Reached skill level 1 in Evocations
 17788 | Orc:2    | Found Putud's Antique Armour Boutique.
 17835 | Orc:2    | Bought a potion of heal wounds for 75 gold pieces
 18031 | Orc:1    | Found Soxtomem's General Store.
 18510 | Lair:1   | Noticed Sonja
 18859 | Lair:1   | Killed Sonja
 19031 | Lair:1   | Reached XP level 13. HP: 100/104 MP: 15/15
 19083 | Lair:1   | Reached skill level 5 in Evocations
 19134 | Lair:1   | Noticed Harold
 19144 | Lair:1   | Killed Harold
 19324 | Lair:1   | Killed dricus's ghost
 19572 | Lair:1   | Reached ***** piety under Hepliaklqana
 21082 | Lair:2   | Got a blackened ring mail
 21093 | Lair:2   | Identified the cursed +1 ring mail of Xilyo {rF- rC+ Int+2 Dex+2} (You found it on level 2 of the Lair of Beasts)
 21174 | Lair:2   | Reached skill level 5 in Invocations
 21350 | Lair:2   | Found a hole to the Spider Nest.
 21478 | Lair:2   | Noticed Nergalle
 21490 | Lair:2   | Killed Nergalle
 22748 | Lair:4   | Found a staircase to the Shoals.
 23596 | Lair:4   | Reached ****** piety under Hepliaklqana
 24006 | Lair:5   | Reached XP level 14. HP: 111/111 MP: 18/20
 24337 | Lair:5   | Found a runed door.
 24341 | Lair:5   | Found a viscous altar of Jiyva.
 24342 | Lair:5   | Found a staircase to the Slime Pits.
 24342 | Lair:5   | Noticed an azure jelly
 24342 | Lair:5   | Noticed an azure jelly
 24918 | Lair:6   | Entered Level 6 of the Lair of Beasts
 25119 | Orc:2    | Bought a distressingly furry plate armour for 812 gold pieces
 25129 | Orc:2    | Identified the +1 plate armour of Ecwagyog {*Drain rElec rF+ Int+3} (You bought it in a shop on level 2 of the Orcish Mines)
 25586 | Lair:6   | Reached skill level 10 in Evocations
 25613 | Lair:6   | Found a runed door.
 26156 | Lair:6   | Reached skill level 16 in Long Blades
 27308 | Lair:6   | Reached skill level 17 in Long Blades
 28311 | Lair:6   | Reached skill level 18 in Long Blades
 28340 | Lair:6   | Identified Lehudib's Catalogue of Conjuration
 28475 | Spider:1 | Entered Level 1 of the Spider Nest
 28819 | Spider:1 | Reached XP level 15. HP: 112/116 MP: 21/21
 28920 | Lair:2   | Slain by an entropy weaver

Skill      XL: |  1  2  3  4  5  6  7  8  9 10 11 12 13 14 |
---------------+-------------------------------------------+-----
Long Blades    | 4 5 6 7 8 9 10 11 14 15 18 | 18.5
Fighting       | 3 5 8 9 11 | 11.0
Armour         | 6 10 11 | 11.6
Dodging        | 7 10 11 | 11.3
Invocations    | 4 7 9 |  9.0
Evocations     | 4 9 10 | 10.0
Throwing       | |  2.0

Action                   |  1- 3 |  4- 6 |  7- 9 | 10-12 | 13-15 || total
-------------------------+-------+-------+-------+-------+-------++-------
Melee: Long sword        |    86 |    36 |       |       |       ||   122
       Headbutt          |    13 |    23 |    42 |   201 |   262 ||   541
       Scimitar          |       |    73 |   232 |   449 |       ||   754
       Great sword       |       |       |       |   245 |   590 ||   835
       Dagger            |       |       |       |       |   148 ||   148
       Rapier            |       |       |       |       |    22 ||    22
       Triple sword      |       |       |       |       |    87 ||    87
 Fire: Blowgun           |       |       |       |    18 |       ||    18
Invok: Ancestor Life: He |       |       |     1 |       |       ||     1
       Recall Ancestor   |       |       |       |     5 |       ||     5
 Abil: Blink             |       |       |       |     1 |       ||     1
Evoke: Wand              |       |       |       |     2 |     1 ||     3
  Use: Scroll            |       |     9 |     3 |    16 |     6 ||    34
       Potion            |       |     3 |       |     3 |     3 ||     9
 Stab: Invisible         |       |       |     3 |       |       ||     3
       Distracted        |       |       |     1 |     6 |    12 ||    19
       Confused          |       |       |       |     4 |     9 ||    13
  Eat: Chunk             |     4 |     8 |    15 |    63 |    33 ||   123
Armor: Leather armour    |    18 |     8 |       |       |       ||    26
       Chain mail        |       |    43 |    89 |       |       ||   132
       Plate armour      |       |       |    29 |   271 |   571 ||   871
Dodge: Dodged            |    56 |    47 |    87 |   303 |   495 ||   988
       Rpst.: Long sword |     9 |     6 |       |       |       ||    15
       Scimitar          |       |     7 |    20 |    49 |       ||    76
       Great sword       |       |       |       |    49 |    68 ||   117
       Triple sword      |       |       |       |       |    12 ||    12
